 Dungeon Crawl Stone Soup version 0.31.0-32-g396128a36d (webtiles) character file.

Game seed: 17241914529738580810

93 AdnanSaban the Covered (level 4, 0/29 HPs)
             Began as a Gargoyle Fighter on Apr 15, 2024.
             Slain by an adder (2 damage)
             ... on level 2 of the Dungeon.
             The game lasted 00:02:47 (1235 turns).

AdnanSaban the Covered (Gargoyle Fighter)           Turns: 1235, Time: 00:02:48

Health: 0/29       AC: 10    Str: 22    XL:     4   Next: 61%
Magic:  4/4        EV:  9    Int:  8    God:
Gold:   86         SH:  4    Dex:  9    Spells: 3/3 levels left

rFire   . . .        a - +0 flail
rCold   . . .        c - +0 buckler
rNeg    + . .        b - +0 scale mail
rPois   ∞            (no helmet)
rElec   +            (no cloak)
rCorr   .            (no gloves)
SInv    .            (no boots)
Will    .....        (no amulet) Stlth
                     (no ring)
HPRegen 0.24/turn    (no ring)
MPRegen 0.09/turn

%: no passive effects
@: no status effects
A: sickness immunity, AC +3, negative energy resistance 1, electricity
resistance, torment resistance 1, petrification resistance
a: no special abilities


You were on level 2 of the Dungeon.
You visited 1 branch of the dungeon, and saw 2 of its levels.

You collected 86 gold pieces.

Inventory:

Hand Weapons
 a - a +0 flail (weapon)
Missiles
 h - 3 poisoned darts (quivered)
 i - 4 boomerangs
Armour
 b - a +0 scale mail (worn)
 c - a +0 buckler (worn)
Jewellery
 e - a ring of fire
Scrolls
 f - a scroll of noise {unknown}
 g - a scroll of immolation {unknown}
Potions
 d - a potion of might
 j - a potion of lignification {unknown}
 k - a potion of heal wounds {unknown}
 l - a potion of degeneration {unknown}


   Skills:
 + Level 4.1 Fighting
 + Level 2.4 Maces & Flails
 + Level 4.1 Armour
 + Level 0.3 Dodging
 + Level 4.0 Shields


You had 3 spell levels left.
You didn't know any spells.
Your spell library was empty.

Dungeon Overview and Level Annotations

Branches:
Dungeon (2/15)

Altars:

Annotations:
D:2 1 runed translucent door, Crazy Yiuf


Innate Abilities, Weirdness & Mutations

You are immune to sickness and miasma.
Your stone body is resilient. (AC +3)
You are immune to poison.
You resist negative energy. (rN+)
You are resistant to electric shocks. (rElec)
You are resistant to unholy torment.
You are immune to petrification.


Message History

The puff of flame hits you.
The orc wizard gestures at you while chanting.
The magic dart hits you!
* * * LOW HITPOINT WARNING * * *
You barely miss the orc wizard.
The orc wizard is almost dead.
The orc wizard hits you with a +0 dagger.
* * * LOW HITPOINT WARNING * * *
You hit the orc wizard but do no damage.
The orc wizard is almost dead.
The orc wizard hits you but does no damage.
You barely miss the orc wizard.
The orc wizard is almost dead.
The orc wizard hits you but does no damage. x2
You miss the orc wizard.
The orc wizard is almost dead.
The orc wizard hits you but does no damage.
You hit the orc wizard.
You kill the orc wizard!
Your Shields skill increases to level 4!
An adder comes into view.
The adder hisses angrily.
The orc attacks as it pursues you! The orc hits you with a +0 whip.
* * * LOW HITPOINT WARNING * * *
You hit the orc.
The orc is severely wounded.
You block the orc's attack. The adder bites you but does no damage.
The orc closely misses you.
You closely miss the orc.
The orc is heavily wounded.
The adder bites you but does no damage. The orc closely misses you.
The adder closely misses you.
You closely miss the orc.
The orc is heavily wounded.
The adder barely misses you. The orc hits you but does no damage.
You block the adder's attack. The orc barely misses you.
You barely miss the orc.
The orc is heavily wounded.
The adder bites you.
You die...

.# #. #.# ...... #.# . .#.
#.# .... #.# #.#. # #.#
#.#.## #.# #.# #...†## ..
#.# ##.....######.# #†#
#.).....oKo@S.# #.#
##.....###################.#
##...####.................#
##.......#################
#########


You could see an adder, 2 orcs and a kobold.

Vanquished Creatures
  An orc wizard (D:2)
  3 adders (D:2)
  A gnoll (D:1)
  An orc (D:2)
  2 bats (D:1)
  4 endoplasms
  4 giant cockroaches
  3 goblins (D:1)
  4 hobgoblins (D:1)
  2 quokkas
  A frilled lizard (D:2)
  5 rats
31 creatures vanquished.

Notes
Turn   | Place    | Note
-------+----------+-------------------------------------------
     0 | D:1      | AdnanSaban the Gargoyle Fighter began the quest for the
                  | Orb.
     0 | D:1      | Reached XP level 1. HP: 14/14 MP: 1/1
   239 | D:1      | Reached XP level 2. HP: 16/19 MP: 2/2
   732 | D:1      | Reached XP level 3. HP: 16/24 MP: 3/3
  1057 | D:2      | Reached XP level 4. HP: 20/29 MP: 4/4
  1103 | D:2      | Found a runed translucent door.
  1104 | D:2      | Noticed Crazy Yiuf
  1231 | D:2      | HP: 1/29 [orc/+0 whip (5)]
  1235 | D:2      | Slain by an adder

Illustrated notes

Levels and vault maps discovered:
D:1:      ebering_trefoil_3fold, layout_loops_ring, glass_columns_c
D:2:      layout_loops_ring, uniq_crazy_yiuf_cottage

Skill      XL: |  1  2  3  4 |
---------------+-------------+-----
Armour         | 4 |  4.1
Fighting       | 4 |  4.1
Shields        | 4 |  4.0
Maces & Flails | |  2.4
Dodging        | |  0.3

Action                     |  1- 3 |  4- 6 || total
---------------------------+-------+-------++-------
  Melee: Flail             |   111 |    37 ||   148
 Armour: Scale mail        |   114 |    44 ||   158
  Dodge: Dodged            |    62 |    11 ||    73
  Block: Buckler           |    29 |     4 ||    33
